DSL
DSL CHICAGO (N) CUBS @ DSL KANSAS CITY ROYALS
06/28/2041
 
TOP OF THE 1ST
DSL Chicago (N) Cubs batting - Pitching for DSL Kansas City Royals : RHP Tony Thompson
Pitching: RHP Tony Thompson
Batting: LHB José Velázquez 0-0: Called Strike
0-1: Fly out, F7 (Line Drive, 78M, EV 92.5 MPH)
Batting: RHB Cisco Hernández 0-0: Foul Ball, location: 3DF
0-1: Swinging Strike
0-2: Strikes out looking
Batting: RHB Alfredo Mercado 0-0: Ball
1-0: Ball
2-0: Foul Ball, location: 2F
2-1: Called Strike
2-2: Foul Ball, location: 3FF
2-2: Strikes out swinging
Top of the 1st over - 0 runs, 0 hits, 0 errors, 0 left on base; DSL Chicago (N) 0 - DSL Kansas City 0
BOTTOM OF THE 1ST
DSL Kansas City Royals batting - Pitching for DSL Chicago (N) Cubs : RHP Juan Martínez
Pitching: RHP Juan Martínez
Batting: LHB Luis Ramos 0-0: Called Strike
0-1: Fly out, F8 (Flyball, 8LM, EV 77.5 MPH)
Batting: RHB Jimmy Newton 0-0: Ball
1-0: Foul Ball, location: 2F
1-1: Ball
2-1: Called Strike
2-2: Foul Ball, location: 2F
2-2: Foul Ball, location: 2F
2-2: Foul Ball, location: 2F
2-2: Ball
3-2: Base on Balls
Batting: RHB Ron May 0-0: Ball
1-0: Ball
2-0: Called Strike
2-1: Swinging Strike
2-2: Ball
3-2: Base on Balls
Jimmy Newton to second
Batting: RHB Juan Rivera 0-0: Called Strike
0-1: Swinging Strike
0-2: Ball
1-2: 3-RUN HOME RUN (Flyball, 78XD, EV 108.1 MPH), Distance : 413 ft
Batting: RHB Juan Ramos 0-0: DOUBLE (Flyball, 8LXD, EV 93.1 MPH)
Batting: LHB Raúl Hernández 0-0: Called Strike
0-1: Ball
Passed Ball!
Juan Ramos to third
1-1: Ball
2-1: Foul Ball, location: 25F
2-2: Ball
3-2: Hit by Pitch
Batting: RHB Dave Stone 0-0: Ball
1-0: Called Strike
Raúl Hernández steals 2nd base
1-1: Ball
2-1: Called Strike
2-2: Strikes out looking
Batting: LHB Jeremy Greene 0-0: Swinging Strike
0-1: Ball
1-1: Foul Ball, location: 7LSF
1-2: Ball
2-2: Foul Ball, location: 2F
2-2: Strikes out swinging
Bottom of the 1st over - 3 runs, 2 hits, 0 errors, 2 left on base; DSL Chicago (N) 0 - DSL Kansas City 3
TOP OF THE 2ND
DSL Chicago (N) Cubs batting - Pitching for DSL Kansas City Royals : RHP Tony Thompson
Batting: RHB Ernesto Salas 0-0: Called Strike
0-1: SINGLE (Flyball, 8LS, EV 97.5 MPH)
Batting: SHB Juan Martínez 0-0: Ball
1-0: Called Strike
1-1: Foul Ball, location: 5F
1-2: Strikes out swinging
Batting: RHB Jorge Ramírez 0-0: Ball
1-0: Swinging Strike
1-1: Foul Ball, location: 5SF
1-2: Ball
2-2: Ball
3-2: Grounds into double play, U6-3 (Groundball, 4M, EV 85.0 MPH)
Top of the 2nd over - 0 runs, 1 hit, 0 errors, 0 left on base; DSL Chicago (N) 0 - DSL Kansas City 3
BOTTOM OF THE 2ND
DSL Kansas City Royals batting - Pitching for DSL Chicago (N) Cubs : RHP Juan Martínez
Batting: RHB Rod Dixon 0-0: SINGLE (Groundball, 6MD, EV 95.6 MPH)
Batting: LHB Luis Ramos 0-0: Ball
1-0: Fly out, F4 (Popup, 4D, EV 48.8 MPH)
Batting: RHB Jimmy Newton 0-0: Ball
1-0: Swinging Strike
1-1: Called Strike
1-2: Foul Ball, location: 7LDF
1-2: Ball
2-2: Foul Ball, location: 9LMF
2-2: Foul Ball, location: 9LDF
2-2: 2-RUN HOME RUN (Line Drive, 7D, EV 96.3 MPH), Distance : 377 ft
Batting: RHB Ron May 0-0: Ball
1-0: Swinging Strike
1-1: Ball
2-1: Ball
3-1: Base on Balls
Batting: RHB Juan Rivera 0-0: Called Strike
0-1: Ball
1-1: Swinging Strike
1-2: Ball
2-2: 2-RUN HOME RUN (Flyball, 9D, EV 96.3 MPH), Distance : 361 ft
Pitching: RHP Juan Valle
Batting: RHB Juan Ramos 0-0: Ball
1-0: Ball
2-0: Ball
3-0: Called Strike
3-1: Ground out 6-3 (Groundball, 6, EV 82.5 MPH)
Batting: LHB Raúl Hernández 0-0: Ball
1-0: SOLO HOME RUN (Flyball, 7D, EV 96.9 MPH), Distance : 375 ft
Batting: RHB Dave Stone 0-0: Foul Ball, location: 9LSFF
0-1: Called Strike
0-2: Ball
1-2: Strikes out swinging
Bottom of the 2nd over - 5 runs, 4 hits, 0 errors, 0 left on base; DSL Chicago (N) 0 - DSL Kansas City 8
TOP OF THE 3RD
DSL Chicago (N) Cubs batting - Pitching for DSL Kansas City Royals : RHP Tony Thompson
Batting: RHB Esteban Garza 0-0: Called Strike
0-1: Foul Ball, location: 9LMF
0-2: Ball
1-2: Strikes out looking
Batting: SHB Robinson Castillo 0-0: DOUBLE (Line Drive, 78D, EV 109.4 MPH)
Batting: RHB Aurelio Ortíz 0-0: Called Strike
0-1: Foul Ball, location: 2F
0-2: Foul Ball, location: 9LMF
0-2: Ball
1-2: Strikes out looking
Batting: LHB José Velázquez 0-0: Ball
1-0: Called Strike
1-1: Foul Ball, location: 7LMF
1-2: Strikes out swinging
Top of the 3rd over - 0 runs, 1 hit, 0 errors, 1 left on base; DSL Chicago (N) 0 - DSL Kansas City 8
BOTTOM OF THE 3RD
DSL Kansas City Royals batting - Pitching for DSL Chicago (N) Cubs : RHP Juan Valle
Batting: LHB Jeremy Greene 0-0: Fly out, F4 (Popup, 4MD, EV 45.0 MPH)
Batting: RHB Rod Dixon 0-0: Swinging Strike
0-1: Foul Ball, location: 5F
0-2: Strikes out swinging
Batting: LHB Luis Ramos 0-0: Ball
1-0: Called Strike
1-1: SOLO HOME RUN (Flyball, 7LD, EV 94.4 MPH), Distance : 359 ft
Batting: RHB Jimmy Newton 0-0: Ball
1-0: Called Strike
1-1: Called Strike
1-2: Strikes out swinging
Bottom of the 3rd over - 1 run, 1 hit, 0 errors, 0 left on base; DSL Chicago (N) 0 - DSL Kansas City 9
TOP OF THE 4TH
DSL Chicago (N) Cubs batting - Pitching for DSL Kansas City Royals : RHP Tony Thompson
Batting: RHB Cisco Hernández 0-0: Called Strike
0-1: Ball
1-1: Ball
2-1: Ball
3-1: Called Strike
3-2: Base on Balls
Batting: RHB Alfredo Mercado 0-0: SINGLE (Line Drive, 4MD, EV 65.6 MPH)
Cisco Hernández to second
Batting: RHB Ernesto Salas 0-0: Ball
1-0: Called Strike
1-1: Hit by Pitch
Cisco Hernández to third
Alfredo Mercado to second
Batting: SHB Juan Martínez 0-0: Ball
1-0: Called Strike
1-1: Called Strike
1-2: Strikes out swinging
Batting: RHB Jorge Ramírez 0-0: Called Strike
0-1: Called Strike
0-2: Ball
1-2: Ball
2-2: Ball
3-2: Foul Ball, location: 2F
3-2: Base on Balls
Cisco Hernández scores
Alfredo Mercado to third
Ernesto Salas to second
Batting: RHB Esteban Garza 0-0: Ball
1-0: Ball
2-0: Ball
3-0: Fly out, F8 (Flyball, 78S, EV 85.0 MPH)
Batting: SHB Robinson Castillo 0-0: Ball
1-0: Ball
2-0: Foul Ball, location: 5DF
2-1: Ball
3-1: Called Strike
3-2: Base on Balls
Alfredo Mercado scores
Ernesto Salas to third
Jorge Ramírez to second
Batting: RHB Aurelio Ortíz 0-0: Ball
1-0: Called Strike
1-1: Ball
2-1: Ball
3-1: Base on Balls
Ernesto Salas scores
Jorge Ramírez to third
Robinson Castillo to second
Batting: LHB José Velázquez 0-0: Fielders Choice at 2nd, 5-4 (Groundball, 56, EV 88.8 MPH)
Top of the 4th over - 3 runs, 1 hit, 0 errors, 3 left on base; DSL Chicago (N) 3 - DSL Kansas City 9
BOTTOM OF THE 4TH
DSL Kansas City Royals batting - Pitching for DSL Chicago (N) Cubs : RHP Juan Valle
Batting: RHB Ron May 0-0: Called Strike
0-1: Ball
1-1: Ball
2-1: Swinging Strike
2-2: Strikes out swinging
Batting: RHB Juan Rivera 0-0: Ball
1-0: Called Strike
1-1: Called Strike
1-2: Foul Ball, location: 3F
1-2: Strikes out swinging
Batting: RHB Juan Ramos 0-0: Ball
1-0: Swinging Strike
1-1: DOUBLE (Flyball, 8RXD, EV 111.9 MPH)
Batting: LHB Raúl Hernández 0-0: Called Strike
0-1: Ball
1-1: Foul Ball, location: 2F
1-2: Ball
2-2: Strikes out swinging
Bottom of the 4th over - 0 runs, 1 hit, 0 errors, 1 left on base; DSL Chicago (N) 3 - DSL Kansas City 9
TOP OF THE 5TH
DSL Chicago (N) Cubs batting - Pitching for DSL Kansas City Royals : RHP Tony Thompson
Batting: RHB Cisco Hernández 0-0: Called Strike
0-1: Swinging Strike
0-2: Ball
1-2: Strikes out swinging
Batting: RHB Alfredo Mercado 0-0: Ball
1-0: Ball
2-0: Swinging Strike
2-1: Called Strike
2-2: Foul Ball, location: 3F
2-2: Strikes out looking
Batting: RHB Ernesto Salas 0-0: Called Strike
0-1: Called Strike
0-2: Ball
1-2: Ball
2-2: Strikes out swinging
Top of the 5th over - 0 runs, 0 hits, 0 errors, 0 left on base; DSL Chicago (N) 3 - DSL Kansas City 9
BOTTOM OF THE 5TH
DSL Kansas City Royals batting - Pitching for DSL Chicago (N) Cubs : RHP Juan Valle
Batting: RHB Dave Stone 0-0: Ball
1-0: Called Strike
1-1: Called Strike
1-2: Ball
2-2: Strikes out swinging
Batting: LHB Jeremy Greene 0-0: Foul Ball, location: 2F
0-1: Called Strike
0-2: Strikes out swinging
Batting: RHB Rod Dixon 0-0: Ball
1-0: SINGLE (Groundball, 56, EV 109.4 MPH)
Batting: LHB Luis Ramos 0-0: Foul Ball, location: 2F
0-1: Ball
1-1: Swinging Strike
1-2: Ball
2-2: Foul Ball, location: 2LF
2-2: Strikes out swinging
Bottom of the 5th over - 0 runs, 1 hit, 0 errors, 1 left on base; DSL Chicago (N) 3 - DSL Kansas City 9
TOP OF THE 6TH
DSL Chicago (N) Cubs batting - Pitching for DSL Kansas City Royals : RHP Tony Thompson
Batting: SHB Juan Martínez 0-0: Ground out U3 (Groundball, 3L, EV 106.3 MPH)
Batting: RHB Jorge Ramírez 0-0: Ball
1-0: Ball
2-0: Fly out, F4 (Popup, 34, EV 76.9 MPH)
Batting: RHB Esteban Garza 0-0: Ball
1-0: Swinging Strike
1-1: Foul Ball, location: 2F
1-2: Strikes out swinging
Top of the 6th over - 0 runs, 0 hits, 0 errors, 0 left on base; DSL Chicago (N) 3 - DSL Kansas City 9
BOTTOM OF THE 6TH
DSL Kansas City Royals batting - Pitching for DSL Chicago (N) Cubs : RHP Juan Valle
Batting: RHB Jimmy Newton 0-0: Ball
1-0: Swinging Strike
1-1: Ball
2-1: Foul Ball, location: 2F
2-2: Foul Ball, location: 2F
2-2: Foul Ball, location: 25F
2-2: Fly out, F8 (Flyball, 8RD, EV 103.8 MPH)
Pitching: RHP Mario Fajardo
Batting: RHB Ron May 0-0: Ball
1-0: Ground out 6-3 (Groundball, 6M, EV 103.1 MPH)
Batting: RHB Juan Rivera 0-0: Ball
1-0: Foul Ball, location: 9LDF
1-1: SOLO HOME RUN (Flyball, 7D, EV 96.3 MPH), Distance : 385 ft
Batting: RHB Juan Ramos 0-0: Ball
1-0: Called Strike
1-1: Fly out, F7 (Flyball, 7S, EV 85.6 MPH)
Bottom of the 6th over - 1 run, 1 hit, 0 errors, 0 left on base; DSL Chicago (N) 3 - DSL Kansas City 10
TOP OF THE 7TH
DSL Chicago (N) Cubs batting - Pitching for DSL Kansas City Royals : RHP Tony Thompson
Batting: SHB Robinson Castillo 0-0: Ball
1-0: Ball
2-0: Ball
3-0: Base on Balls
Batting: RHB Aurelio Ortíz 0-0: Called Strike
0-1: Ball
1-1: 2-RUN HOME RUN (Flyball, 7D, EV 100.0 MPH), Distance : 378 ft
Pitching: RHP José Ortega
Batting: LHB José Velázquez 0-0: Called Strike
0-1: Swinging Strike
0-2: Strikes out swinging
Batting: RHB Cisco Hernández 0-0: Ball
1-0: Called Strike
1-1: Called Strike
1-2: Ball
2-2: Foul Ball, location: 5FF
2-2: Strikes out looking
Batting: RHB Alfredo Mercado 0-0: SOLO HOME RUN (Line Drive, 9LD, EV 91.9 MPH), Distance : 339 ft
Batting: RHB Ernesto Salas 0-0: Called Strike
0-1: Foul Ball, location: 3FF
0-2: Ball
1-2: Strikes out swinging
Top of the 7th over - 3 runs, 2 hits, 0 errors, 0 left on base; DSL Chicago (N) 6 - DSL Kansas City 10
BOTTOM OF THE 7TH
DSL Kansas City Royals batting - Pitching for DSL Chicago (N) Cubs : RHP Mario Fajardo
Batting: LHB Raúl Hernández 0-0: Called Strike
0-1: Ball
1-1: Ball
2-1: Foul Ball, location: 7LMF
2-2: Foul Ball, location: 2F
2-2: Ball
3-2: Foul Ball, location: 7LMF
3-2: Base on Balls
Batting: RHB Dave Stone 0-0: Swinging Strike
0-1: Grounds into double play, 4-6-3 (Groundball, 34, EV 99.4 MPH)
Batting: LHB Jeremy Greene 0-0: Called Strike
0-1: Hit by Pitch
Batting: RHB Rod Dixon 0-0: 2-RUN HOME RUN (Flyball, 9D, EV 96.3 MPH), Distance : 365 ft
Batting: LHB Luis Ramos 0-0: Fly out, F4 (Popup, 4D, EV 63.1 MPH)
Bottom of the 7th over - 2 runs, 1 hit, 0 errors, 0 left on base; DSL Chicago (N) 6 - DSL Kansas City 12
TOP OF THE 8TH
DSL Chicago (N) Cubs batting - Pitching for DSL Kansas City Royals : RHP José Ortega
Batting: SHB Juan Martínez 0-0: Foul Ball, location: 2F
0-1: Ball
1-1: Foul Ball, location: 9LMF
1-2: Ball
2-2: Ball
3-2: Base on Balls
Batting: RHB Jorge Ramírez 0-0: Foul Ball, location: 9LMF
0-1: Ball
1-1: Foul Ball, location: 7LSF
1-2: Ball
2-2: SINGLE (Groundball, 34S, EV 90.6 MPH) (infield hit)
Juan Martínez to second
Pinch Hitting: RHB José Soto 0-0: Called Strike
0-1: Ball
1-1: Ball
2-1: Ball
3-1: Swinging Strike
3-2: Foul Ball, location: 2RF
3-2: Foul Ball, location: 2F
3-2: Foul Ball, location: 2F
3-2: Strikes out looking
Batting: SHB Robinson Castillo 0-0: Ball
1-0: Called Strike
1-1: Foul Ball, location: 5FF
1-2: Strikes out swinging
Batting: RHB Aurelio Ortíz 0-0: Swinging Strike
0-1: Foul Ball, location: 2F
0-2: Strikes out swinging
Top of the 8th over - 0 runs, 1 hit, 0 errors, 2 left on base; DSL Chicago (N) 6 - DSL Kansas City 12
BOTTOM OF THE 8TH
DSL Kansas City Royals batting - Pitching for DSL Chicago (N) Cubs : RHP Mario Fajardo
Now at 2B: Sancho Mateus
Batting: RHB Jimmy Newton 0-0: Called Strike
0-1: Called Strike
0-2: Ball
1-2: Hit by Pitch
Batting: RHB Ron May 0-0: Called Strike
0-1: Ball
1-1: Ball
2-1: Foul Ball, location: 9LDF
2-2: Ball
3-2: Foul Ball, location: 2F
3-2: Foul Ball, location: 7LSF
3-2: 2-RUN HOME RUN (Flyball, 78XD, EV 106.9 MPH), Distance : 407 ft
Pitching: LHP Álex Otero
Pinch Hitting: RHB Jesús Reyes 0-0: Called Strike
0-1: Swinging Strike
0-2: Ball
1-2: Hit by Pitch
Batting: RHB Juan Ramos 0-0: Called Strike
0-1: Ball
1-1: Hit by Pitch
Jesús Reyes to second
Pinch Hitting: RHB Joe Graham 0-0: Fly out, F3 (Popup, 3F, EV 74.4 MPH)
Batting: RHB Dave Stone 0-0: Foul Ball, location: 2F
0-1: Foul Ball, location: 3FF
0-2: SINGLE (Line Drive, 8LS, EV 106.9 MPH)
Jesús Reyes to third
Juan Ramos to second
Runner from 3rd tries for Home, SAFE, throw by CF to home
Pinch Hitting: RHB Phil Crow 0-0: Fly out, F9 (Flyball, 9D, EV 89.4 MPH)
Batting: RHB Rod Dixon 0-0: Fielders Choice at 2nd, 6-4 (Groundball, 6, EV 89.4 MPH)
Bottom of the 8th over - 3 runs, 2 hits, 0 errors, 2 left on base; DSL Chicago (N) 6 - DSL Kansas City 15
TOP OF THE 9TH
DSL Chicago (N) Cubs batting - Pitching for DSL Kansas City Royals : RHP José Ortega
Now at 2B: Joe Graham
Now in LF: Jesús Reyes
Now in CF: Ron May
Now in RF: Phil Crow
Pinch Hitting: RHB Cristián Rivera 0-0: Ground out 4-3 (Groundball, 4M, EV 89.4 MPH)
Batting: RHB Cisco Hernández 0-0: Called Strike
0-1: Ball
1-1: Swinging Strike
1-2: Strikes out looking
Batting: RHB Alfredo Mercado 0-0: Called Strike
0-1: Foul Ball, location: 9LDF
0-2: Strikes out swinging
Top of the 9th over - 0 runs, 0 hits, 0 errors, 0 left on base; DSL Chicago (N) 6 - DSL Kansas City 15
Wednesday, April 3rd , 2024 - OOTP Baseball 24.10 Build 82